 Dungeon Crawl Stone Soup version 0.27-a0-1565-gad902ab807 (webtiles) character file.

Game seed: 3096471249309670634

4947 Aviak the Frost Mage (level 10, -37/88 HPs)
             Began as a Demigod Ice Elementalist on July 16, 2021.
             Annihilated by a titanic slime creature (101 damage)
             ... on level 8 of the Dungeon.
             The game lasted 00:16:01 (12289 turns).

Aviak the Frost Mage (Demigod Ice Elementalist)    Turns: 12289, Time: 00:16:02

Health: -37/88     AC:  7    Str: 15    XL:     10   Next: 7%
Magic:  3/22       EV: 14    Int: 29    God:
Gold:   133        SH:  0    Dex: 14    Spells: 6/20 levels left

rFire    . . .     SeeInvis .   E - +2 whip (elec)
rCold    . . .     Faith    .   (no shield)
rNeg     . . .     Spirit   .   D - +0 steam dragon scales
rPois    .         Reflect  .   C - +0 helmet
rElec    .         Harm     .   p - +0 cloak
rCorr    .         Rampage  .   (no gloves)
Will     +....                  (no boots)
Stlth    ++........             (no amulet)
HPRegen  0.24/turn              v - ring of wizardry
MPRegen  0.18/turn              g - +6 ring of strength

@: no status effects
A: high mp 1, forlorn
a: no special abilities


You were on level 8 of the Dungeon.
You visited 1 branch of the dungeon, and saw 8 of its levels.
You also visited: Sewer.

You collected 399 gold pieces.
You spent 266 gold pieces at shops.

Inventory:

Hand Weapons
 d - a +0 short sword
 E - a +2 whip of electrocution (weapon)
Missiles
 k - 3 curare-tipped darts
Armour
 a - a +0 robe
 m - a +0 leather armour
 p - a +0 cloak (worn)
 C - a +0 helmet (worn)
 D - +0 steam dragon scales (worn)
Jewellery
 g - a +6 ring of strength (right hand)
 v - a ring of wizardry (left hand)
 A - a +4 ring of protection
 N - a +6 ring of intelligence
Wands
 o - a wand of iceblast (18)
 y - a wand of charming (6)
Scrolls
 b - 3 scrolls of blinking {unknown}
 e - 2 scrolls of summoning {unknown}
 i - 4 scrolls of identify
 j - a scroll of silence {unknown}
 q - 2 scrolls of amnesia {unknown}
 s - a scroll of fog {unknown}
 t - 2 scrolls of vulnerability {unknown}
 u - 2 scrolls of enchant armour {unknown}
 w - 3 scrolls of enchant weapon
 z - 2 scrolls of noise {unknown}
 B - 2 scrolls of teleportation {unknown}
 H - a scroll of magic mapping {unknown}
 J - a scroll of holy word {unknown}
 M - a scroll of fear {unknown}
Potions
 c - 7 potions of curing
 f - a potion of haste
 h - a potion of resistance {unknown}
 l - 2 potions of might {unknown}
 n - a potion of lignification {unknown}
 r - 3 potions of degeneration {unknown}
 x - a potion of cancellation {unknown}
 F - a potion of attraction {unknown}
 G - 2 potions of heal wounds {unknown}
 I - 2 potions of berserk rage {unknown}
 K - a potion of invisibility {unknown}
 L - a potion of brilliance


   Skills:
 + Level 8.0 Fighting
 + Level 6.3 Dodging
 - Level 1.7 Stealth
 + Level 5.5 Spellcasting
 - Level 8.5 Ice Magic


You had 6 spell levels left.
You knew the following spells:

 Your Spells              Type           Power      Damage    Failure   Level
a - Freeze                Ice            100%       1d11      1%          1
b - Frozen Ramparts       Ice            100%       1d12      1%          3
c - Ozocubu's Armour      Ice            55%        N/A       1%          3
d - Hailstorm             Conj/Ice       32%        3d8       4%          4
e - Dazzling Flash        Conj/Hex       16%        N/A       8%          3

Your spell library contained the following spells:

 Spells                   Type           Power      Damage    Failure   Level
 Magic Dart               Conj           32%        1d4       2%          1
 Call Imp                 Summ           8%         N/A       3%          2
 Mephitic Cloud           Conj/Pois/Air  8%         N/A       8%          3
 Iskenderun's Mystic Bla  Conj/Tloc      8%         2d4       24%         4
 Agony                    Necr           8%         N/A       52%         5
 Silence                  Hex/Air        4%         N/A       52%         5
 Starburst                Conj/Fire      4%         8x6d3     97%         6


Dungeon Overview and Level Annotations

Branches:
Dungeon (8/15)             Temple (0/1) D:4            Lair (0/6) D:8
  Sewer (visited)

Shops:
D:6 (!

Annotations:
D:6 3 runed translucent doors, qborf's ghost, novice TrCj


Innate Abilities, Weirdness & Mutations

Your attributes grow dramatically as you level up.
You have an increased reservoir of magic. (+10% MP)
You shall have no god before yourself.


Message History

The slime creature barely misses you. The slime creature closely misses you.
Casting: Hailstorm (dangerous; 4% risk of failure)
Confirm with . or Enter, or press ? or * to list all spells.
Casting: Hailstorm (dangerous; 4% risk of failure)
Press: ? - help, Dir - look around, f - activate A cannonade of hail descends around you!
The hail pelts the very large slime creature!
The very large slime creature is severely wounded.
The slime creature completely misses you.
The slime creature misses you.
Two slime creatures merge to form an enormous slime creature.
Casting: Hailstorm (dangerous; 4% risk of failure)
Confirm with . or Enter, or press ? or * to list all spells.
Casting: Hailstorm (dangerous; 4% risk of failure)
Press: ? - help, Dir - look around, f - activate A cannonade of hail descends around you!
The hail pelts the enormous slime creature!
The enormous slime creature is severely wounded.
The slime creature hits you but does no damage.
Casting: Hailstorm (dangerous; 4% risk of failure)
Confirm with . or Enter, or press ? or * to list all spells.
Casting: Hailstorm (dangerous; 4% risk of failure)
Press: ? - help, Dir - look around, f - activate A cannonade of hail descends around you!
The hail pelts the enormous slime creature!
The enormous slime creature is severely wounded.
An enormous slime creature splits.
The slime creature closely misses you.
Casting: Hailstorm (dangerous; 4% risk of failure)
Confirm with . or Enter, or press ? or * to list all spells.
You don't have enough magic to cast this spell.
Two slime creatures merge to form a very large slime creature.
Two slime creatures merge to form a titanic slime creature.
The titanic slime creature hits you!
As you read the scroll labelled BAONLI ISTRASA, it crumbles to dust.
It is a scroll of identify.
w - 3 scrolls of enchant weapon;
i - 4 scrolls of identify
k - 3 curare-tipped darts The titanic slime creature hits you!!!!
Ouch! That really hurt!
You die...

# #..............................
###.#.###########################
....#.# ########## 8###8###8####
............# #### ...........<#
#..# ####### ............#
#.####≈≈≈≈≈## ..##8###8##.##
#@###≈≈≈≈≈;≈###### ..#### ###...#
#J.###########.... ..8 ##..#
#..............### ..# #..#
#.############## ..#########..#
#.# ..##.........###.#
..8#.#######.....# .J##.# #######
..J..#


You could see a titanic slime creature.

Vanquished Creatures
  Pikel (D:5)
  Maggie (D:7)
  A gargoyle (D:6)
  Prince Ribbit (D:6)
  A yak (D:8)
  2 steam dragons
  Grum (D:8)
  2 water moccasins
  2 orc warriors (D:8)
  Purgy (Sewer)
  2 sky beasts
  2 ice beasts
  2 black bears
  3 ogres
  2 wolves (D:8)
  2 lemures (D:5)
  A phantom (D:6)
  2 kobold brigands (D:8)
  3 bullfrogs
  5 scorpions
  A wyvern zombie (D:8)
  A water moccasin zombie (D:3)
  A wyvern skeleton (D:6)
  A water moccasin skeleton (D:5)
  An electric eel (D:6)
  4 hounds
  2 jellies
  4 orc priests
  A bullfrog skeleton (D:6)
  A scorpion zombie (D:3)
  Jessica (D:2)
  2 iguanas
  2 orc wizards (D:8)
  Natasha (twice) (D:4)
  8 adders
  2 adder skeletons (D:4)
  A worm (D:3)
  4 dart slugs
  21 orcs
  8 ball pythons
  3 endoplasms
  6 giant cockroaches
  5 goblins
  15 hobgoblins
  17 jackals
  22 kobolds
  3 quokkas
  5 bats
  3 frilled lizards
184 creatures vanquished.

Vanquished Creatures (others)
  A wight (D:7)
  8 fungi (D:8)
  14 plants
23 creatures vanquished.

Grand Total: 207 creatures vanquished

Notes
Turn   | Place    | Note
-------+----------+-------------------------------------------
     0 | D:1      | Aviak the Demigod Ice Elementalist began the quest for the
                  | Orb.
     0 | D:1      | Reached XP level 1. HP: 14/14 MP: 5/5
   589 | D:1      | Reached XP level 2. HP: 22/22 MP: 4/7
   709 | D:1      | Reached skill level 1 in Fighting
   969 | D:1      | Reached XP level 3. HP: 19/28 MP: 0/9
   973 | D:1      | Learned a level 3 spell: Frozen Ramparts
  1732 | D:2      | Noticed Jessica
  1738 | D:2      | Killed Jessica
  1745 | D:2      | Reached XP level 4. HP: 28/36 MP: 5/10
  2125 | D:2      | Learned a level 3 spell: Ozocubu's Armour
  2496 | D:3      | Found a glowing drain.
  2749 | D:3      | Reached XP level 5. HP: 36/42 MP: 8/12
  2774 | Sewer    | Entered a sewer
  2928 | Sewer    | Noticed Purgy
  2936 | Sewer    | Killed Purgy
  3277 | D:3      | Reached skill level 5 in Ice Magic
  3277 | D:3      | Reached XP level 6. HP: 14/51 MP: 11/14
  3334 | D:3      | Learned a level 4 spell: Hailstorm
  4152 | D:4      | Noticed Natasha
  4157 | D:4      | Killed Natasha
  4381 | D:4      | Found a staircase to the Ecumenical Temple.
  4900 | D:4      | Reached XP level 7. HP: 50/58 MP: 12/16
  5007 | D:4      | Noticed Natasha
  5030 | D:4      | Killed Natasha
  5605 | D:5      | Entered Level 5 of the Dungeon
  6137 | D:5      | You fall into a shaft and drop 1 floor!
  6216 | D:6      | Learned a level 3 spell: Dazzling Flash
  6331 | D:6      | Noticed a steam dragon
  6346 | D:6      | Killed a steam dragon
  6617 | D:5      | Reached skill level 5 in Fighting
  6617 | D:5      | Reached skill level 5 in Spellcasting
  6617 | D:5      | Reached XP level 8. HP: 45/68 MP: 15/19
  6784 | D:5      | Noticed Pikel
  6788 | D:5      | Killed Pikel
  7282 | D:6      | Noticed Prince Ribbit
  7300 | D:6      | Killed Prince Ribbit
  7588 | D:6      | Found Xeeqem's Distillery.
  7621 | D:6      | Found a runed translucent gate.
  7631 | D:6      | Found a runed translucent gate.
  7631 | D:6      | Found a runed translucent gate.
  7631 | D:6      | Noticed a gargoyle
  7632 | D:6      | Noticed qborf's ghost (novice TrCj)
  7645 | D:6      | Killed a gargoyle
  7646 | D:6      | Reached XP level 9. HP: 40/78 MP: 6/20
  7826 | D:6      | Found Duri's Weapon Shoppe.
  7893 | D:6      | Bought a potion of haste for 140 gold pieces
  7893 | D:6      | Bought a potion of curing for 42 gold pieces
  7893 | D:6      | Bought a potion of curing for 42 gold pieces
  7893 | D:6      | Bought a potion of curing for 42 gold pieces
  9130 | D:7      | Noticed Maggie
  9161 | D:7      | Killed Maggie
  9162 | D:7      | Reached skill level 5 in Dodging
 11176 | D:8      | Noticed Grum
 11182 | D:8      | Killed Grum
 11566 | D:8      | Reached XP level 10. HP: 86/88 MP: 21/21
 11895 | D:8      | Found a staircase to the Lair.
 12289 | D:8      | Annihilated by a titanic slime creature

Illustrated notes

Levels and vault maps discovered:
D:1:      evilmike_arrival_rings, layout_basic, chequers_ecumenical_altar_twisty
D:2:      layout_basic, basic_altar, uniq_jessica
D:3:      layout_loops_ring, gup_sewer_entry_glass, serial_bayou_pond_a,
          minivault_27, ebering_dispersal_statue_hall
D:4:      layout_cave_pods, nicolae_kikubaaqudgha_miasma_corner,
          mainiacjoe_overflow_catch_the_wave, minmay_temple_entry_nine_rooms,
          uniq_natasha
D:5:      layout_loops_corners, uniq_pikel
D:6:      layout_layer_cave, gammafunk_ghost_nasty_kobolds, serial_shops, shop,
          nicolae_shop_waterfront, minmay_misc_feat_secret_circle,
          kennysheep_decorative_pillar, uniq_prince_ribbit1
D:7:      layout_basic, grunt_temple_overflow_forces_of_nature,
          amcnicky_altar_gilded, fiery_altar_vehumet, kennysheep_generic_room_4,
          uniq_maggie
D:8:      layout_loops_ring, okawaru_metal_pillars_1_2,
          grunt_lair_entry_orc_guard_hut, serial_aquarium,
          aquarium_bridge_island_small [aquarium_subvault_small_open,
          aquarium_subvault_wall, aquarium_subvault_wall,
          aquarium_subvault_bridge, aquarium_subvault_window],
          aquarium_bridge_straight [aquarium_subvault_bridge,
          aquarium_subvault_balcony, aquarium_subvault_bridge,
          aquarium_subvault_window], aquarium_window_2,
          aquarium_window_corridor_1, aquarium_view_2e, grunt_ministairs_5,
          corexii_hall_statues_l, uniq_grum

Skill      XL: |  1  2  3  4  5  6  7  8  9 10 |
---------------+-------------------------------+-----
Spellcasting   | 2 3 4 5 |  5.5
Fighting       | 1 2 3 5 6 7 8 |  8.0
Ice Magic      | 4 5 6 7 8 |  8.5
Dodging        | 4 6 |  6.3
Stealth        | |  1.7

Action                   |  1- 3 |  4- 6 |  7- 9 | 10-12 || total
-------------------------+-------+-------+-------+-------++-------
Melee: Short sword       |    32 |   149 |    66 |       ||   247
       Unarmed           |     1 |       |       |       ||     1
       Whip              |       |       |    95 |    18 ||   113
 Cast: Freeze            |    52 |    34 |    18 |       ||   104
       Frozen Ramparts   |       |    14 |    34 |     4 ||    52
       Ozocubu's Armour  |       |     3 |     4 |       ||     7
       Hailstorm         |       |       |    24 |     7 ||    31
       Dazzling Flash    |       |       |     7 |     1 ||     8
Evoke: Wand              |       |     1 |     7 |     2 ||    10
  Use: Potion            |       |     2 |     1 |       ||     3
       Scroll            |       |       |       |     1 ||     1
 Stab: Sleeping          |       |     2 |     1 |       ||     3
       Invisible         |       |       |     2 |       ||     2
Armor: Robe              |    18 |       |       |       ||    18
       Leather armour    |       |    63 |    20 |       ||    83
       Steam dragon scal |       |       |    52 |     5 ||    57
Dodge: Dodged            |    45 |   105 |   121 |    15 ||   286

Table legend: (Time is in decaauts)
 A = Elapsed time spent in this place.
 B = Non-inter-level travel time spent in this place.
 C = Inter-level travel time spent in this place.
 D = Time resting spent in this place.
 E = Time spent auto-exploring this place.
 F = Levels seen in this place.
 G = Mean time per level.
                   A        B        C        D        E       F      G
               +--------+--------+--------+--------+--------+-----+--------+
         Total |  12336 |  12106 |    230 |   1034 |   9442 |   9 | 1370.7 |
       Dungeon |  12048 |  11818 |    230 |   1034 |   9199 |   8 | 1506.0 |
         Sewer |    287 |    287 |      0 |      0 |    243 |   1 |  287.0 |
               +--------+--------+--------+--------+--------+-----+--------+

Top non-repeatable levels by time:
     D:6: 2128 daAuts
     D:7: 1893 daAuts
     D:4: 1541 daAuts
     D:1: 1497 daAuts
     D:3: 1416 daAuts
     D:8: 1402 daAuts
     D:5: 1278 daAuts
     D:2: 890 daAuts
   Sewer: 287 daAuts
